 Dungeon Crawl Stone Soup version 0.28-a0-1629-gf728b707aa (webtiles) character file.

Game seed: 11435131312276019880

8 vineage the Skirmisher (level 2, -1/19 HPs)
             Began as a Gargoyle Fighter on Jan 24, 2022.
             Slain by a goblin (5 damage)
             ... on level 1 of the Dungeon.
             The game lasted 00:00:50 (132 turns).

vineage the Skirmisher (Gargoyle Fighter)            Turns: 132, Time: 00:00:51

Health: -1/19      AC:  9    Str: 19    XL:     2   Next: 8%
Magic:  2/2        EV:  9    Int:  8    God:
Gold:   36         SH:  4    Dex:  9    Spells: 1/1 levels left

rFire   . . .      SeeInvis .   a - +0 flail
rCold   . . .      Faith    .   c - +0 buckler
rNeg    + . .      Spirit   .   b - +0 scale mail
rPois   ∞          Reflect  .   (no helmet)
rElec   +          Harm     .   (no cloak)
rCorr   .          Rampage  .   (no gloves)
Will    .....                   (no boots)
Stlth   ..........              (no amulet)
HPRegen 0.06/turn               (no ring)
MPRegen 0.08/turn               (no ring)

@: mighty
A: sickness immunity, AC +2, negative energy resistance 1, electricity
resistance, torment resistance 1, petrification resistance
a: no special abilities


You were on level 1 of the Dungeon.
You visited 1 branch of the dungeon, and saw 1 of its levels.

You collected 36 gold pieces.

Inventory:

Hand Weapons
 a - a +0 flail (weapon)
Armour
 b - a +0 scale mail (worn)
 c - a +0 buckler (worn)


   Skills:
 * Level 3.5 Fighting
 + Level 2.1 Maces & Flails
 + Level 3.4 Armour
 + Level 3.4 Shields


You had one spell level left.
You didn't know any spells.
Your spell library was empty.

Dungeon Overview and Level Annotations

Branches:
Dungeon (1/15)

Altars:


Innate Abilities, Weirdness & Mutations

You are immune to sickness and miasma.
Your stone body is resilient. (AC +2)
You are immune to poison.
You resist negative energy. (rN+)
You are resistant to electric shocks. (rElec)
You are resistant to unholy torment.
You are immune to petrification.


Message History

The kobold hits you with a +0 short sword.
You block the goblin's attack. The hobgoblin closely misses you.
The rat bites you but does no damage.
You are too injured to fight recklessly!
You are too injured to fight recklessly!
You are too injured to fight recklessly!
You are too injured to fight recklessly!
You are too injured to fight recklessly!
You are too injured to fight recklessly!
You are too injured to fight recklessly!
You are too injured to fight recklessly!
You are too injured to fight recklessly!
You are too injured to fight recklessly!
You feel very mighty all of a sudden. The kobold barely misses you.
The goblin hits you but does no damage. The hobgoblin barely misses you.
The rat barely misses you.
You aren't carrying any scrolls.
You closely miss the goblin. You block the kobold's attack.
The goblin hits you with a +0 club.
* * * LOW HITPOINT WARNING * * *
The hobgoblin closely misses you. The rat completely misses you.
The kobold hits you but does no damage. The goblin hits you but does no damage.
The hobgoblin hits you.
* * * LOW HITPOINT WARNING * * *
The rat bites you but does no damage.
You closely miss the goblin. The goblin hits you but does no damage.
The kobold hits you but does no damage.
The hobgoblin hits you but does no damage.
The rat bites you but does no damage.
You closely miss the goblin. You block the goblin's attack.
You block the kobold's attack. The hobgoblin closely misses you.
The rat barely misses you. The kobold misses you.
The goblin hits you but does no damage.
You thump the goblin!
You kill the goblin!
The hobgoblin barely misses you. You block the rat's attack.
The kobold closely misses you. The hobgoblin barely misses you.
The rat bites you but does no damage.
The goblin hits you with a +3 dagger of holy wrath.
You die...

#........##. ..# #.
####...........######
#.# #.
............#.......
#.###.
#..........#......>
#.....
#..........#.......
#####.
###.......r..#.......
##.
.....................
#..
.###........##rr.....
#.#
............g@gS.....
#.#
.....$########K......
##.# )..... #######
##..# ...g.. #..##
.r... #.## ..$.. ##.#
##########..###
.........#.#..^
.............##


You could see a hobgoblin, a goblin, a ball python, a kobold and 2 rats.

Vanquished Creatures
  A ball python (D:1)
  A bat (D:1)
  An endoplasm (D:1)
  3 goblins (D:1)
  A kobold (D:1)
  A rat (D:1)
8 creatures vanquished.

Notes
Turn   | Place    | Note
-------+----------+-------------------------------------------
     0 | D:1      | vineage the Gargoyle Fighter began the quest for the Orb.
     0 | D:1      | Reached XP level 1. HP: 14/14 MP: 1/1
    55 | D:1      | Reached XP level 2. HP: 18/19 MP: 2/2
   132 | D:1      | Slain by a goblin

Illustrated notes

Levels and vault maps discovered:
D:1:      saegor_arrival_simple_c, layout_rooms

Action                   || total
-------------------------++-------
Melee: Flail             ||    31
  Use: Potion            ||     1
Armor: Scale mail        ||    39
Dodge: Dodged            ||    41
Block: Buckler           ||    17

Table legend: (Time is in decaauts)
 A = Elapsed time spent in this place.
 B = Non-inter-level travel time spent in this place.
 C = Inter-level travel time spent in this place.
 D = Time resting spent in this place.
 E = Time spent auto-exploring this place.
 F = Levels seen in this place.
 G = Mean time per level.
                   A        B        C        D        E       F      G
               +--------+--------+--------+--------+--------+-----+--------+
         Total |    142 |    142 |      0 |      0 |     83 |   1 |  142.0 |
       Dungeon |    142 |    142 |      0 |      0 |     83 |   1 |  142.0 |
               +--------+--------+--------+--------+--------+-----+--------+

Top non-repeatable levels by time:
     D:1: 142 daAuts
